 Dungeon Crawl Stone Soup version 0.16.0-17-g811c1d7 (webtiles) character file.

74 Chiseanne the Covered (level 4, 0/34 HPs)
             Began as a Demonspawn Wanderer on Mar 20, 2015.
             Was an Initiate of Trog.
             Killed from afar by Sigmund (7 damage)
             ... with a magic dart
             ... on level 3 of the Dungeon.
             The game lasted 00:06:50 (1736 turns).

Chiseanne the Covered (Demonspawn Wanderer)         Turns: 1736, Time: 00:06:50

Health: 0/34       AC:  9    Str: 14    XL:     4   Next: 9%
Magic:  4/4        EV:  6    Int: 10    God:    Trog [......]
Gold:   45         SH:  0    Dex: 15    Spells: 0 memorised, 3 levels left

rFire  . . .     SeeInvis .     a - +3 dagger (flame)
rCold  + . .     Clarity  .     l - +0 chain mail {rC+}
rNeg   . . .     SustAb   .     (no shield)
rPois  +         Gourm    .     (no helmet)
rElec  .         Spirit   .     (no cloak)
rCorr  .         Warding  .     (no gloves)
rMut   .         Stasis   .     (no boots)
MR     +....                    (no amulet)
Stlth  ..........               z - ring of poison resistance
                                e - ring of protection from magic

@: about to teleport, somewhat resistant to hostile enchantments, extremely
unstealthy
A: talons 1, nightstalker 1
a: Burn Spellbooks, Renounce Religion


You were on level 3 of the Dungeon.
You worshipped Trog.
Trog was noncommittal.
You were hungry.

You visited 1 branch of the dungeon, and saw 3 of its levels.

You collected 45 gold pieces.

Inventory:

Hand weapons
 a - a +3 dagger of flaming (weapon)
Missiles
 m - 4 javelins (quivered)
 n - 19 bolts
Armour
 l - a +0 chain mail of cold resistance (worn)
 w - a +0 ring mail of fire resistance
Jewellery
 e - a ring of protection from magic (left hand)
 z - a ring of poison resistance (right hand)
Scrolls
 c - a scroll of remove curse
 h - a scroll of identify
 o - a scroll of immolation
 y - a scroll of recharging
Potions
 f - 2 potions of curing
 g - a potion of degeneration
 i - a potion of haste {unknown}
 j - a potion of mutation {unknown}
 q - 2 potions of resistance {unknown}
 s - 3 potions of ambrosia
 v - a potion of lignification {unknown}
Comestibles
 d - a bread ration
 p - 3 fruits


   Skills:
 * Level 2.6 Fighting
 - Level 2.6 Short Blades
 * Level 4.0 Armour
 * Level 0.6 Dodging
 * Level 1.0 Stealth
   Level 1.0 Shields


You had 3 spell levels left.
You didn't know any spells.

Dungeon Overview and Level Annotations

Branches:
Dungeon (3/15)

Altars:
Trog
The Shining One

Annotations:
D:3 Sigmund


Innate Abilities, Weirdness & Mutations

You have sharp toenails.
You are slightly more attuned to the shadows.


Message History

Your chain mail prevents you from hitting the orc.
The orc is heavily wounded.
The orc hits you with a flail. Something hits you but does no damage.
Your chain mail prevents you from hitting the orc.
You claw the orc, but do no damage.
The orc is heavily wounded.
The orc hits you but does no damage. x2
You hit the orc! You burn the orc.
You kill the orc!
Trog accepts your kill. The orc hits you but does no damage.
Something hits you.
* * * LOW HITPOINT WARNING * * *
Read which item? (? for menu, Esc to quit)
As you read the scroll of teleportation, it crumbles to dust.
You feel strangely unstable. The orc hits you but does no damage.
You hear some strange, mumbled words.
Something tries to affect you, but you resist.
The orc barely misses you. The orc hits you but does no damage.
The magic dart hits you!
You die...

. #. .# . . #.#...
.. .# .>..# .. .#
#.#.###....#
#####....##.# .# #
......(.#...S##.#.#
#<†.###o....###.
##.ao)(.@(......
#).###.#.###...
#..# #.#.# ..o..
#.#%# .?.....#.#.#
.......#...#
#.......... ....
...#


You could see a worker ant, an adder and 2 orcs.

Vanquished Creatures
  Terence (D:2)
  An adder (D:2)
  An ooze (D:1)
  4 orcs
  7 bats
  5 hobgoblins
  9 kobolds
  A quokka (D:2)
  A ball python (D:2)
  A giant cockroach (D:1)
  3 giant geckos (D:2)
  2 giant newts
  2 goblins
  12 rats
50 creatures vanquished.

Notes
Turn   | Place    | Note
--------------------------------------------------------------
     0 | D:1      | Chiseanne, the Demonspawn Wanderer, began the quest for the Orb.
     0 | D:1      | Chiseanne set off with: a +2 short sword, a scroll of teleportation, a +0 ring mail, a bread ration
     0 | D:1      | Reached XP level 1. HP: 16/16 MP: 1/1
   170 | D:1      | Reached skill level 3 in Armour
   202 | D:1      | Gained mutation: You are slightly more attuned to the shadows. [demonic ancestry]
   202 | D:1      | Reached XP level 2. HP: 20/22 MP: 2/2
   829 | D:2      | Found a bloodstained altar of Trog.
   832 | D:2      | Reached XP level 3. HP: 28/28 MP: 3/3
   840 | D:2      | Became a worshipper of Trog the Wrathful
   937 | D:2      | Found a glowing golden altar of the Shining One.
  1184 | D:2      | Noticed Terence
  1197 | D:2      | Killed Terence
  1546 | D:2      | Reached skill level 4 in Armour
  1715 | D:3      | Noticed Sigmund
  1718 | D:3      | Gained mutation: You have sharp toenails. [demonic ancestry]
  1718 | D:3      | Reached XP level 4. HP: 34/34 MP: 4/4
  1736 | D:3      | Killed from afar by Sigmund

Action                   |  1- 3 |  4- 6 || total
-------------------------+-------+-------++-------
Melee: Short sword       |    48 |       ||    48
       Dagger            |    55 |     5 ||    60
Throw: Javelin           |       |     4 ||     4
  Use: Scroll            |     9 |     1 ||    10
       Potion            |     1 |       ||     1
 Stab: Sleeping          |     1 |       ||     1
  Eat: Chunk             |     2 |       ||     2
